 Dungeon Crawl Stone Soup version 0.29-a0-1047-g7c58e119a4 (webtiles) character file.

Game seed: 9564996813047468355

380 themarg the Insei (level 6, -1/47 HPs)
             Began as a Gnoll Transmuter on Aug 16, 2022.
             Slain by a gnoll
             ... wielding a +0 flail
             ... led by a gnoll bouda
              (13 damage)
             ... on level 4 of the Dungeon.
             The game lasted 00:12:25 (4309 turns).

themarg the Insei (Gnoll Transmuter)                Turns: 4309, Time: 00:12:26

Health: -1/47      AC:  2    Str:  9    XL:     6   Next: 75%
Magic:  13/14      EV: 14    Int: 14    God:
Gold:   119        SH:  0    Dex: 13    Spells: 9/15 levels left

rFire   . . .      SeeInvis .   y - +2 whip (venom)
rCold   . . .      Faith    .   (no shield)
rNeg    . . .      Spirit   .   a - +0 robe
rPois   .          Reflect  .   (helmet currently unavailable)
rElec   .          Harm     .   (no cloak)
rCorr   .          Rampage  .   (no gloves)
Will    .....                   (boots currently unavailable)
Stlth   ++........              (no amulet)
HPRegen 0.15/turn               (no ring)
MPRegen 0.14/turn               (no ring)

@: appendages, wereblooded
A: horns 2, talons 2, fangs 1, strong nose, distributed training
a: End Transformation


You were on level 4 of the Dungeon.
You had temporarily grown beastly horns and talons.
You visited 1 branch of the dungeon, and saw 4 of its levels.

You collected 119 gold pieces.

Inventory:

Hand Weapons
 e - a +0 mace
 i - a +0 sling
 r - a +1 vampiric whip
 y - a +2 whip of venom (weapon)
Missiles
 o - 39 stones
 s - 7 poisoned darts
Armour
 a - a +0 robe (worn)
 E - a +0 pair of boots (melded)
Jewellery
 n - a ring of protection from fire
Wands
 w - a wand of mindburst (16)
Scrolls
 d - 3 scrolls of identify {unknown}
 f - 2 scrolls of vulnerability {unknown}
 g - 2 scrolls of butterflies {unknown}
 k - 2 scrolls of enchant armour {unknown}
 l - 3 scrolls of teleportation {unknown}
 p - a scroll of fear {unknown}
 q - a scroll of immolation {unknown}
 t - 2 scrolls of amnesia {unknown}
 u - a scroll of poison {unknown}
 x - a scroll of blinking {unknown}
Potions
 b - 2 potions of lignification
 c - a potion of haste {unknown}
 h - 2 potions of might {unknown}
 j - a potion of mutation {unknown}
 m - 2 potions of attraction {unknown}
 v - a potion of brilliance {unknown}
 z - a potion of cancellation {unknown}
 A - 2 potions of curing {unknown}
 B - 2 potions of magic {unknown}
 C - a potion of ambrosia {unknown}
 D - a potion of heal wounds {unknown}
 F - a potion of flight {unknown}


   Skills:
 + Level 3.4 Fighting
 + Level 2.2 Short Blades
 + Level 2.2 Long Blades
 + Level 2.2 Axes
 + Level 2.2 Maces & Flails
 + Level 2.2 Polearms
 + Level 2.2 Staves
 + Level 2.2 Ranged Weapons
 + Level 2.2 Throwing
 + Level 2.2 Armour
 + Level 5.1 Dodging
 + Level 2.2 Stealth
 + Level 2.2 Shields
 + Level 6.9 Unarmed Combat
 + Level 5.4 Spellcasting
 + Level 1.7 Conjurations
 + Level 1.7 Hexes
 + Level 1.7 Summonings
 + Level 1.7 Necromancy
 + Level 1.7 Translocations
 + Level 4.2 Transmutations
 + Level 1.7 Fire Magic
 + Level 1.7 Ice Magic
 + Level 1.7 Air Magic
 + Level 1.7 Earth Magic
 + Level 1.7 Poison Magic
 + Level 2.4 Invocations
 + Level 2.2 Evocations


You had 9 spell levels left.
You knew the following spells:

 Your Spells              Type           Power      Damage    Failure   Level
a - Beastly Appendage     Tmut           30%        N/A       3%          1
b - Wereblood             Tmut           15%        N/A       4%          2
c - Spider Form           Tmut/Pois      12%        N/A       14%         3

Your spell library contained the following spells:

 Spells                   Type           Power      Damage    Failure   Level
 Poisonous Vapours        Pois/Air       16%        N/A       12%         2
 Ozocubu's Armour         Ice            8%         N/A       24%         3
 Ice Form                 Ice/Tmut       12%        N/A       43%         4
 Corpse Rot               Necr/Pois/Air  8%         N/A       63%         4
 Metabolic Englaciation   Hex/Ice        4%         N/A       92%         5
 Simulacrum               Ice/Necr       4%         N/A       100%        6


Dungeon Overview and Level Annotations

Branches:
Dungeon (4/15)
 Temple: D:4-7

Altars:
Elyvilon
Nemelex Xobeh

Annotations:
D:4 2 transporters, FizzleBangTC's ghost, weakling GnFE


Innate Abilities, Weirdness & Mutations

You have temporarily grown beastly horns and talons.
You have very sharp teeth.
Your uncanny sense of smell can sniff out nearby items.
Your experience applies equally to all skills.


Message History

The gnoll hits you from afar with a +0 spear.
You hit the gnoll bouda.
The gnoll bouda is poisoned.
You headbutt the gnoll bouda!
The gnoll bouda is severely wounded.
The gnoll bouda misses you.
The gnoll hits you from afar with a +0 spear.
You barely miss the gnoll bouda. You headbutt the gnoll bouda.
You feel a bit better.
You kill the gnoll bouda!
The gnoll closely misses you. The gnoll hits you with a +0 spear!
Items here: )) [ †.
You hit the gnoll but do no damage.
The gnoll is poisoned.
You howl as the wereblood boils in your veins!
The gnoll hits you with a +0 spear.
You hit the gnoll but do no damage.
The gnoll looks as sick as possible!
You claw the gnoll.
You headbutt the gnoll, but do no damage.
The gnoll is lightly wounded.
The gnoll hits you with a +0 spear.
* * * LOW HITPOINT WARNING * * *
You closely miss the gnoll. Your headbutt misses the gnoll.
Your bite misses the gnoll.
The gnoll is lightly wounded.
The gnoll barely misses you.
You hit the gnoll. You claw the gnoll. You bite the gnoll.
The gnoll is almost dead.
The gnoll hits you with a +0 spear.
* * * LOW HITPOINT WARNING * * *
You closely miss the gnoll.
The gnoll is almost dead.
You feel a bit better.
You kill the gnoll!
You closely miss the gnoll. Your kick misses the gnoll. You punch the gnoll.
The gnoll is moderately wounded.
The gnoll closely misses you.
You hit the gnoll. You claw the gnoll!
The gnoll is almost dead.
The gnoll hits you with a +0 flail!
You die...

###
#.#################
#.................#
#.###############.#
#.# #.# #.# #####.#
#.# #.....# #.#
#.##### ####.###
#@# .......# #g#
####.#.# #l# #.#.#
..#∆ #.# # #<# #.#
..# #.# ... ..# ...
###..#


You could see an iguana and a gnoll (swift).

Vanquished Creatures
  A black bear (D:4)
  A howler monkey (D:3)
  A gnoll bouda (D:4)
  An iguana (D:4)
  Ijyb (D:3)
  Natasha (D:2)
  3 adders
  2 gnolls (D:4)
  An ufetubus (D:4)
  A worm (D:2)
  2 dart slugs
  2 orcs (D:3)
  9 ball pythons
  9 endoplasms
  6 giant cockroaches
  8 goblins
  13 hobgoblins
  3 quokkas
  6 bats
  6 frilled lizards
  10 kobolds
  6 rats
93 creatures vanquished.

Vanquished Creatures (others)
  7 plants (D:1)
7 creatures vanquished.

Grand Total: 100 creatures vanquished

Notes
Turn   | Place    | Note
-------+----------+-------------------------------------------
     0 | D:1      | themarg the Gnoll Transmuter began the quest for the Orb.
     0 | D:1      | Reached XP level 1. HP: 17/17 MP: 6/6
   189 | D:1      | Reached XP level 2. HP: 18/23 MP: 7/7
   644 | D:1      | Reached skill level 5 in Spellcasting
   644 | D:1      | Reached XP level 3. HP: 28/28 MP: 7/9
   712 | D:1      | Learned a level 2 spell: Wereblood
   718 | D:1      | Found a faded altar of an unknown god.
  1195 | D:1      | Reached skill level 1 in Invocations
  1699 | D:2      | Reached skill level 1 in Short Blades
  1699 | D:2      | Reached skill level 1 in Long Blades
  1699 | D:2      | Reached skill level 1 in Axes
  1699 | D:2      | Reached skill level 1 in Maces & Flails
  1699 | D:2      | Reached skill level 1 in Polearms
  1699 | D:2      | Reached skill level 1 in Staves
  1699 | D:2      | Reached skill level 1 in Ranged Weapons
  1699 | D:2      | Reached skill level 1 in Throwing
  1699 | D:2      | Reached skill level 1 in Armour
  1699 | D:2      | Reached skill level 1 in Stealth
  1699 | D:2      | Reached skill level 1 in Shields
  1699 | D:2      | Reached skill level 1 in Evocations
  1942 | D:2      | Reached XP level 4. HP: 31/34 MP: 11/11
  2370 | D:2      | Noticed Natasha
  2376 | D:2      | Killed Natasha
  2377 | D:2      | Reached skill level 1 in Conjurations
  2377 | D:2      | Reached skill level 1 in Hexes
  2377 | D:2      | Reached skill level 1 in Summonings
  2377 | D:2      | Reached skill level 1 in Necromancy
  2377 | D:2      | Reached skill level 1 in Translocations
  2377 | D:2      | Reached skill level 1 in Fire Magic
  2377 | D:2      | Reached skill level 1 in Ice Magic
  2377 | D:2      | Reached skill level 1 in Air Magic
  2377 | D:2      | Reached skill level 1 in Earth Magic
  2377 | D:2      | Reached skill level 1 in Poison Magic
  2677 | D:2      | Learned a level 3 spell: Spider Form
  2693 | D:3      | Reached XP level 5. HP: 41/41 MP: 9/12
  2738 | D:3      | Identified the +9 short sword "Killer Bee's Bane" {protect,
                  | *Noise rF+ rN+ Str+4}
  2794 | D:3      | Noticed Ijyb
  2808 | D:3      | Killed Ijyb
  3552 | D:3      | Found a sparkling altar of Nemelex Xobeh.
  3559 | D:3      | Found a white marble altar of Elyvilon.
  3744 | D:4      | Found a transporter.
  3759 | D:4      | Noticed FizzleBangTC's ghost (weakling GnFE)
  3775 | D:4      | Found a transporter.
  3778 | D:4      | Noticed a black bear
  3790 | D:4      | Killed a black bear
  3791 | D:4      | Reached skill level 5 in Dodging
  3791 | D:4      | Reached XP level 6. HP: 23/47 MP: 11/14
  4309 | D:4      | Slain by a gnoll

Illustrated notes

Levels and vault maps discovered:
D:1:      kennysheep_arrival_forest, layout_basic,
          ebering_ecumenical_altar_hall, dk_noncrumbling_2, minmay_crystal_room,
          lexackson_kobold_supper
D:2:      layout_loops_ring, minmay_strange_pillars, serial_park_tiny_1,
          minmay_split_cup_small, uniq_natasha
D:3:      minmay_inner_zag, layout_rooms, mainiacjoe_overflow_big_doors,
          serial_aquarium, aquarium_bridge_straight [aquarium_subvault_bridge,
          aquarium_subvault_wall, aquarium_subvault_bridge,
          aquarium_subvault_balcony], aquarium_window_1, aquarium_window_fake,
          aquarium_window_3, aquarium_window_fake, aquarium_view_2d,
          aquarium_view_2f, aquarium_balcony_3a, aquarium_pool_2, uniq_ijyb
D:4:      layout_basic, serial_shops, nicolae_lakefront_shop,
          gammafunk_ghost_stat_death, nicolae_elevator_lobby_asterisk

Skill      XL: |  1  2  3  4  5 |
---------------+----------------+-----
Spellcasting   | 5 |  5.4
Invocations    | 1 2 |  2.4
Short Blades   | 1 2 |  2.2
Long Blades    | 1 2 |  2.2
Axes           | 1 2 |  2.2
Maces & Flails | 1 2 |  2.2
Polearms       | 1 2 |  2.2
Staves         | 1 2 |  2.2
Ranged Weapons | 1 2 |  2.2
Throwing       | 1 2 |  2.2
Armour         | 1 2 |  2.2
Stealth        | 1 2 |  2.2
Shields        | 1 2 |  2.2
Evocations     | 1 2 |  2.2
Conjurations   | 1 |  1.7
Hexes          | 1 |  1.7
Summonings     | 1 |  1.7
Necromancy     | 1 |  1.7
Translocations | 1 |  1.7
Fire Magic     | 1 |  1.7
Ice Magic      | 1 |  1.7
Air Magic      | 1 |  1.7
Earth Magic    | 1 |  1.7
Poison Magic   | 1 |  1.7
Fighting       | 3 |  3.4
Transmutations | 4 |  4.2
Dodging        | 5 |  5.1
Unarmed Combat | |  6.9

Action                   |  1- 3 |  4- 6 || total
-------------------------+-------+-------++-------
Melee: Mace              |   101 |       ||   101
       Kick              |    15 |    25 ||    40
       Headbutt          |    12 |    19 ||    31
       Punch             |     2 |     4 ||     6
       Unarmed           |     1 |    10 ||    11
       Bite              |    12 |    19 ||    31
       Whip              |     8 |   159 ||   167
 Cast: Beastly Appendage |    17 |    13 ||    30
       Wereblood         |     3 |     9 ||    12
       Spider Form       |       |     1 ||     1
 Stab: Sleeping          |     1 |       ||     1
Armor: Robe              |    15 |    16 ||    31
Dodge: Dodged            |    79 |   107 ||   186

Table legend: (Time is in decaauts)
 A = Elapsed time spent in this place.
 B = Non-inter-level travel time spent in this place.
 C = Inter-level travel time spent in this place.
 D = Time resting spent in this place.
 E = Time spent auto-exploring this place.
 F = Levels seen in this place.
 G = Mean time per level.
                   A        B        C        D        E       F      G
               +--------+--------+--------+--------+--------+-----+--------+
         Total |   4355 |   4267 |     88 |   1483 |   1695 |   4 | 1088.8 |
       Dungeon |   4355 |   4267 |     88 |   1483 |   1695 |   4 | 1088.8 |
               +--------+--------+--------+--------+--------+-----+--------+

Top non-repeatable levels by time:
     D:1: 1701 daAuts
     D:2: 1271 daAuts
     D:3: 766 daAuts
     D:4: 616 daAuts
